 Dungeon Crawl Stone Soup version 0.29.1-13-g9f3cf754e1 (webtiles) character file.

Game seed: 4767763005134766955

14666 FrozenHG the Geomancer (level 12, -1/73 HPs)
             Began as a Gargoyle Earth Elementalist on Jan 25, 2023.
             Was a Priest of Vehumet.
             Slain by a fire elemental (12 damage)
             ... led by Azrael
             ... on level 12 of the Dungeon.
             The game lasted 00:35:14 (15569 turns).

FrozenHG the Geomancer (GrEE)                      Turns: 15569, Time: 00:35:18

Health: -1/73      AC: 16    Str: 14    XL:     12   Next: 18%
Magic:  28/34      EV: 13    Int: 19    God:    Vehumet [***...]
Gold:   655        SH:  0    Dex: 10    Spells: 20/30 levels left

rFire   . . .      SeeInvis .   (no weapon)
rCold   . . .      Faith    .   (no shield)
rNeg    + . .      Spirit   .   y - +0 steam dragon scales
rPois   ∞          Reflect  .   (no helmet)
rElec   +          Harm     .   c - +0 cloak
rCorr   .          Rampage  .   (no gloves)
Will    .....                   A - +1 pair of boots
Stlth   ++........              (no amulet)
HPRegen 0.22/turn               v - ring of magical power
MPRegen 0.24/turn               H - ring of wizardry

@: no status effects
A: sickness immunity, AC +8, negative energy resistance 1, electricity
resistance, torment resistance 1, petrification resistance
a: Renounce Religion


You were on level 12 of the Dungeon.
You worshipped Vehumet.
Vehumet was most pleased with you.
You visited 3 branches of the dungeon, and saw 14 of its levels.
You also visited: Sewer.

You collected 655 gold pieces.

Inventory:

Hand Weapons
 g - a +0 whip
 B - a +4 mace of freezing
Missiles
 e - 3 throwing nets
Armour
 c - a +0 cloak (worn)
 r - a +3 leather armour of fire resistance
 w - the +7 chain mail of the Loofah {Regen+ rCorr Str+3 Int+2}
   (You found it on level 5 of the Dungeon)

   Str:       It affects your strength (+3).
   Int:       It affects your intelligence (+2).
   Regen:     It increases your rate of health regeneration.
   rCorr:     It protects you from acid and corrosion.
 y - +0 steam dragon scales (worn)
 A - a +1 pair of boots (worn)
 D - a +0 troll leather armour
Magical Staves
 u - a staff of cold
Jewellery
 v - a ring of magical power (left hand)
 H - a ring of wizardry (right hand)
Wands
 n - a wand of quicksilver (4)
 t - a wand of flame (33)
 E - a wand of polymorph (6)
Scrolls
 a - 2 scrolls of blinking
 d - 6 scrolls of teleportation
 h - a scroll of magic mapping
 k - 4 scrolls of poison
 m - 2 scrolls of butterflies
 o - 2 scrolls of immolation
 s - 2 scrolls of fear
 C - 2 scrolls of enchant armour
 F - a scroll of enchant weapon
 G - 3 scrolls of identify
Potions
 b - 2 potions of magic
 f - 2 potions of brilliance
 i - 11 potions of curing
 j - 4 potions of mutation
 l - 8 potions of haste
 p - a potion of berserk rage
 q - 2 potions of cancellation
 x - a potion of invisibility
 z - 2 potions of heal wounds


   Skills:
 + Level 7.7 Fighting
 + Level 6.2 Dodging
 - Level 2.1 Stealth
 * Level 9.8 Spellcasting
 * Level 8.6 Conjurations
 - Level 2.0 Transmutations
 * Level 12.6 Earth Magic


You had 20 spell levels left.
You knew the following spells:

 Your Spells              Type           Power      Damage    Failure   Level
a - Sandblast             Erth           100%       2d20      1%          1
b - Stone Arrow           Conj/Erth      98%        3d13      1%          3
c - Poisonous Vapours     Pois/Air       18%        N/A       1%          2
d - Fulminant Prism       Conj/Hex       12%        3d9       1%          4

Your spell library contained the following spells:

 Spells                   Type           Power      Damage    Failure   Level
 Passwall                 Tmut/Erth      30%        N/A       1%          2
 Petrify                  Tmut/Erth      37%        N/A       1%          4
 Ensorcelled Hibernation  Hex/Ice        18%        N/A       4%          2
 Gell's Gravitas          Tloc           9%         N/A       9%          3
 Swiftness                Air            9%         N/A       9%          3
 Teleport Other           Tloc           9%         N/A       9%          3
 Corpse Rot               Necr/Pois/Air  9%         N/A       28%         4
 Eringya's Noxious Bog    Tmut/Pois      6%         N/A       54%         6
 Summon Forest            Summ/Tloc      4%         N/A       61%         5
 Dispersal                Tloc           4%         N/A       98%         6
 Summon Hydra             Summ           4%         N/A       100%        7


Dungeon Overview and Level Annotations

Branches:
Dungeon (12/15)            Temple (1/1) D:6            Lair (1/5) D:10
    Orc (0/2) D:12          Sewer (visited)

Altars:
Ashenzari
Cheibriados
Dithmenos
Elyvilon
Fedhas
Gozag
Hepliaklqana
Kikubaaqudgha
Makhleb
Nemelex Xobeh
Okawaru
Qazlal
Ru
Sif Muna
Trog
Uskayaw
Vehumet
Wu Jian
Xom
Yredelemnul
Zin
The Shining One

Shops:
D:3 ([   D:5 *   D:12 :

Annotations:
D:6 3 runed translucent doors, Sapher's ghost, amateur MeEE
D:8 2 transporters, 0o0o's ghost, novice TrBe
D:12 Azrael; Psyche


Innate Abilities, Weirdness & Mutations

You are immune to sickness and miasma.
Your stone body is resilient. (AC +8)
You are immune to poison.
You resist negative energy. (rN+)
You are resistant to electric shocks. (rElec)
You are resistant to unholy torment.
You are immune to petrification.


Message History

Something hits your fulminant prism but does no damage.
Something hits your fulminant prism!
Your fulminant prism detonates feebly.
Something hits you but does no damage.
Deactivating autopickup; reactivate with Ctrl-A.
Something hits you but does no damage.
There is an open door here.
Something hits you. Something hits you but does no damage. Something hits you.
Something hits you but does no damage.
The orc knight is engulfed in blazing flames.
Something hits you.
The orc knight is engulfed in blazing flames.
Something hits you but does no damage. x2
The orc knight is engulfed in blazing flames.
Things that are here:
a +0 chain mail; a boomerang of dispersal; a +0 battleaxe Something hits you!
Something hits you. x2
The orc knight is engulfed in blazing flames.
Something hits you but does no damage. The fire elemental hits you.
The fire elemental burns you! Something hits you but does no damage.
There is an open door here.
The fire elemental hits you. The fire elemental burns you! Something hits you!
The fire elemental hits you. The fire elemental burns you!
* * * LOW HITPOINT WARNING * * *
Something hits you.
* * * LOW HITPOINT WARNING * * *
Unknown command.
Casting: Fulminant Prism (dangerous; 1% risk of failure)
Confirm with . or Enter, or press ? or * to list all spells.
Aiming: Stone Arrow (safe; 1% risk of failure)
Press: ? - help, Shift-Dir - straight line, f - fire elemental
Aim: a fire elemental (70% to hit)
The stone arrow misses the fire elemental.
Something hits you.
* * * LOW HITPOINT WARNING * * *
The fire elemental hits you. The fire elemental burns you!
You die...

#.....#>.....~≈~≈≈≈
#.#.#^#..#.....~≈≈≈
#.....#.........~≈≈
#.....#.########≈≈≈
#.#.#.#.# ##≈
#.....#.####
#.....#....#######
#.#.#.####.##....#
#....[# #@##....#
#.....####E......#
#.#.#.#..°.......#
#.....#...°.....##
#.....#....°....#
#.#.#.#...[..o..#
#.....#######'###
#.....#.....)...#
#.#.#.#>........#


You could see an orc knight and a fire elemental.

Vanquished Creatures
  2 two-headed ogres (D:11)
  2 komodo dragons
  An unseen horror (D:11)
  4 trolls
  7 slime creatures (D:12)
  17 yaks
  A wyvern (D:6)
  A shadow (D:11)
  5 wraiths
  A steam dragon (D:5)
  2 acid dragons
  6 water moccasins
  Pargi (D:3)
  3 black bears
  5 orc warriors
  8 centaurs
  4 ogres
  A wolf (Lair:1)
  5 kobold brigands (Sewer)
  2 phantoms
  3 bullfrogs
  6 necrophages
  4 gnoll sergeants
  3 scorpions
  5 wights (D:6)
  16 killer bees
  2 howler monkeys
  8 electric eels
  7 orc priests
  4 jellies
  2 gnoll boudas (D:8)
  5 hounds
  Ijyb (D:3)
  3 iguanas
  4 orc wizards
  5 adders
  27 gnolls
  3 river rats
  2 white imps
  An ufetubus (D:7)
  11 worms
  2 dart slugs
  26 orcs
  6 bats
  7 endoplasms
  5 giant cockroaches
  7 goblins
  9 hobgoblins
  A jackal (D:2)
  A quokka (D:3)
  7 ball pythons
  A frilled lizard (D:2)
  6 kobolds
  12 rats
290 creatures vanquished.

Vanquished Creatures (others)
  7 fulminant prisms (D:12)
  4 plants
11 creatures vanquished.

Grand Total: 301 creatures vanquished

Notes
Turn   | Place    | Note
-------+----------+-------------------------------------------
     0 | D:1      | FrozenHG the Gargoyle Earth Elementalist began the quest
                  | for the Orb.
     0 | D:1      | Reached XP level 1. HP: 10/10 MP: 3/3
   330 | D:1      | Reached skill level 4 in Earth Magic
   330 | D:1      | Reached XP level 2. HP: 15/15 MP: 3/5
   784 | D:2      | Reached skill level 1 in Transmutations
  1001 | D:2      | Noticed a phantom
  1038 | D:2      | Reached XP level 3. HP: 19/19 MP: 2/6
  1389 | D:2      | Reached XP level 4. HP: 24/24 MP: 4/8
  1649 | D:2      | Killed a phantom
  1650 | D:2      | Reached skill level 5 in Earth Magic
  1650 | D:2      | Reached XP level 5. HP: 19/28 MP: 3/10
  1894 | D:3      | Noticed Pargi
  1943 | D:3      | Found a glowing drain.
  2058 | Sewer    | Entered a sewer
  2340 | Sewer    | Noticed a kobold brigand
  2409 | Sewer    | Noticed a kobold brigand
  2417 | Sewer    | Killed a kobold brigand
  2418 | Sewer    | Reached XP level 6. HP: 32/32 MP: 6/12
  2551 | Sewer    | Reached skill level 6 in Earth Magic
  2556 | Sewer    | Learned a level 3 spell: Stone Arrow
  2778 | Sewer    | Reached XP level 7. HP: 36/36 MP: 9/14
  3115 | Sewer    | Reached skill level 5 in Spellcasting
  3173 | D:3      | Reached skill level 1 in Fighting
  3402 | D:3      | Killed Pargi
  3403 | D:3      | Reached skill level 7 in Earth Magic
  3687 | D:3      | Found Waaxza's Antique Weapon Emporium.
  3775 | D:3      | Found a faded altar of an unknown god.
  3844 | D:3      | Found Qatiwisig's Armour Emporium.
  4030 | D:3      | Noticed Ijyb
  4039 | D:3      | Killed Ijyb
  4669 | D:4      | Reached XP level 8. HP: 44/44 MP: 14/16
  4944 | D:4      | Found a glowing silver altar of Zin.
  5202 | D:5      | Entered Level 5 of the Dungeon
  5275 | D:5      | Found a stormy altar of Qazlal.
  5275 | D:5      | Found a bloodstained altar of Trog.
  5281 | D:5      | Found a blossoming altar of Fedhas.
  5410 | D:5      | Reached skill level 8 in Earth Magic
  5419 | D:5      | Found an ancient bone altar of Kikubaaqudgha.
  5419 | D:5      | Identified the +7 chain mail of the Loofah {Regen+ rCorr
                  | Str+3 Int+2}
  5623 | D:5      | Found Zutidwi's Assorted Antiques.
  5776 | D:5      | Reached XP level 9. HP: 39/52 MP: 4/18
  6454 | D:6      | Found a staircase to the Ecumenical Temple.
  6457 | D:6      | Reached skill level 1 in Conjurations
  6466 | Temple   | Entered the Ecumenical Temple
  6530 | Temple   | Became a worshipper of Vehumet
  6816 | D:6      | Reached skill level 9 in Earth Magic
  6923 | D:6      | Found an ornate altar of the Wu Jian Council.
  6949 | D:6      | Reached skill level 5 in Fighting
  7120 | D:6      | Found a runed translucent gate.
  7120 | D:6      | Found a runed translucent gate.
  7120 | D:6      | Found a runed translucent gate.
  7130 | D:6      | Noticed Sapher's ghost (amateur MeEE)
  7851 | D:7      | Found a glowing golden altar of the Shining One.
  8038 | D:7      | Reached XP level 10. HP: 59/59 MP: 16/20
  8042 | D:7      | Reached * piety under Vehumet
  8042 | D:7      | Offered knowledge of Foxfire by Vehumet.
  8277 | D:7      | Found a snail-covered altar of Cheibriados.
  8370 | D:7      | Found a sacrificial altar of Ru.
  8607 | D:7      | Found a shimmering blue altar of Sif Muna.
  8740 | D:7      | Reached skill level 10 in Earth Magic
  9602 | D:8      | Reached skill level 5 in Dodging
  9608 | D:8      | Reached skill level 5 in Conjurations
  9765 | D:8      | Noticed 0o0o's ghost (novice TrBe)
  9766 | D:8      | Found a transporter.
  9767 | D:8      | Identified the +6 dire flail "Widir" {freeze, *Rage Int+8}
  9767 | D:8      | Noticed a two-headed ogre
  9773 | D:8      | Found a transporter.
  9816 | D:8      | Reached ** piety under Vehumet
  9890 | D:8      | Offered knowledge of Poisonous Vapours by Vehumet.
  9900 | D:8      | Learned a level 2 spell: Poisonous Vapours
 10761 | D:8      | Offered knowledge of Mephitic Cloud by Vehumet.
 10761 | D:8      | HP: 3/60 [killer bee (7)]
 11195 | D:9      | Reached skill level 11 in Earth Magic
 11198 | D:9      | Reached XP level 11. HP: 66/66 MP: 14/23
 11487 | D:9      | Reached *** piety under Vehumet
 11609 | D:10     | Entered Level 10 of the Dungeon
 12310 | D:10     | Found a staircase to the Lair.
 12967 | D:11     | Identified the +0 scale mail of Impermeability {*Slow Fly
                  | Str+4 Int+2}
 13347 | D:11     | Noticed a two-headed ogre
 13353 | D:11     | Killed a two-headed ogre
 13354 | D:11     | Reached skill level 12 in Earth Magic
 13619 | D:11     | Noticed a two-headed ogre
 13625 | D:11     | Killed a two-headed ogre
 13855 | D:12     | Offered knowledge of Fulminant Prism by Vehumet.
 13884 | D:12     | Noticed a two-headed ogre
 14070 | D:12     | Identified the +8 plate armour of Initusm {Drain Will+++
                  | Str+4}
 14239 | D:12     | Found a staircase to the Orcish Mines.
 14240 | D:12     | Noticed an orc knight
 14243 | D:12     | Noticed Psyche
 14379 | D:12     | Reached XP level 12. HP: 72/72 MP: 22/25
 15057 | Lair:1   | Entered Level 1 of the Lair of Beasts
 15349 | D:12     | Found Yplinix's Book Shoppe.
 15366 | D:12     | Learned a level 4 spell: Fulminant Prism
 15548 | D:12     | Noticed Azrael
 15569 | D:12     | Slain by a fire elemental

Illustrated notes

Levels and vault maps discovered:
D:1:      psy_arrival_terrarium, layout_loops_ring
D:2:      layout_basic, hangedman_feature_mirror
D:3:      layout_rooms, serial_shops, nicolae_shop_overgrown_old_shop,
          nicolae_shop_hallway_plus, portal_sewer_entry_c,
          shapermc_ecumenical_altar_mp_ritualfount, uniq_ijyb, uniq_pargi
D:4:      layout_cave_pools, zin_treasury
D:5:      layout_cave_pools, nicolae_kikubaaqudgha_miasma_corner,
          grunt_temple_overflow_open, serial_shops, kennysheep_mini_moat
D:6:      layout_rooms, nzn_wu_jian_contemplation, minmay_temple_entry_junction,
          ebering_ghost_rock_garden, eino_tiny_chamber,
          chequers_serial_rivers_room_b
D:7:      layout_rooms, mainiacjoe_overflow_tiny_flanked,
          nicolae_overflow_crystal_walls, mainiacjoe_overflow_catwalk,
          lemuel_crystal_altar, chequers_big_river, kennysheep_path_1,
          eino_small_chamber_without_monster
D:8:      layout_basic, gammafunk_ghost_smash
D:9:      layout_big_octagon, serial_glass, glass_columns_c, glass_columns_a,
          glass_columns_c, glass_columns_b, glass_columns_b, glass_columns_a,
          glass_columns_b, glass_columns_a, feat_on_display, item_on_display_a,
          minmay_strange_pillars, feat_on_display, david_defended_altar_orc
D:10:     layout_cave_pools, lair_entry_dummy
D:11:     layout_roguey
D:12:     layout_basic, orc_david_3, serial_shops, kennysheep_little_box,
          columned_hall_lemuel, uniq_urug, uniq_azrael, uniq_psyche
Temple:   hellmonk_temple_forest_ring
Lair:1:   layout_regular_city, st_stairs_4, beast_lair_carwin_4

Skill      XL: |  1  2  3  4  5  6  7  8  9 10 11 |
---------------+----------------------------------+-----
Earth Magic    | 4 5 6 7 8 9 11 12 | 12.6
Transmutations | 1 2 |  2.0
Spellcasting   | 3 4 5 6 7 8 9 |  9.8
Dodging        | 2 3 4 5 6 |  6.2
Fighting       | 2 4 5 6 7 |  7.7
Conjurations   | 3 6 8 |  8.6
Stealth        | |  2.1

Action                   |  1- 3 |  4- 6 |  7- 9 | 10-12 || total
-------------------------+-------+-------+-------+-------++-------
Melee: Whip              |       |       |    26 |       ||    26
       Mace              |       |       |       |     1 ||     1
 Cast: Sandblast         |    30 |    65 |   113 |    40 ||   248
       Stone Arrow       |       |       |    82 |   271 ||   353
       Fulminant Prism   |       |       |       |     7 ||     7
  Use: Scroll            |     4 |     6 |     6 |     6 ||    22
       Potion            |       |       |       |     1 ||     1
Armor: Robe              |       |     7 |    48 |       ||    55
       Steam dragon scal |       |       |     8 |   127 ||   135
Dodge: Dodged            |     2 |    22 |    94 |   153 ||   271
